 Dungeon Crawl Stone Soup version 0.30.1-11-g7821555f0a (webtiles) character file.

Game seed: 11611498659092176431

679 groovy9 the Cleaver (level 7, 0/61 HPs)
             Began as a Minotaur Berserker on Jan 10, 2024.
             Was a Priest of Trog.
             Constricted to death by Grinder (7 damage)
             ... on level 5 of the Dungeon on Jan 11, 2024.
             The game lasted 00:11:33 (4069 turns).

groovy9 the Cleaver (Minotaur Berserker)            Turns: 4069, Time: 00:11:33

Health: 0/61       AC:  1    Str: 21    XL:     7   Next: 34%
Magic:  6/6        EV:  5    Int:  4    God:    Trog [***...]
Gold:   213        SH:  3    Dex: 10    Spells: 6/6 levels left

rFire   . . .        j - +0 war axe
rCold   + . .        i - +0 buckler
rNeg    + . .        o - +0 chain mail
rPois   .            (helmet restricted)
rElec   .            k - scarf {+Inv}
rCorr   .            (no gloves)
SInv    .            (no boots)
Will    .....        (no amulet) Stlth
                     b - ring of positive energy
HPRegen 0.30/turn    p - ring of protection from cold
MPRegen 0.10/turn

%: clarity
@: grasped by roots, corroded, constricted
A: horns 2, retaliatory headbutt, clarity, screaming 1, weak 1
a: Renounce Religion, Evoke Invisibility, Berserk, Trog's Hand


You were on level 5 of the Dungeon.
You worshipped Trog.
Trog was most pleased with you.
You visited 1 branch of the dungeon, and saw 5 of its levels.

You collected 213 gold pieces.

Inventory:

Hand Weapons
 j - a +0 war axe (weapon)
Armour
 i - a +0 buckler (worn)
 k - a scarf of invisibility (worn)
 o - a +0 chain mail (worn)
Jewellery
 b - a ring of positive energy (left hand)
 p - a ring of protection from cold (right hand)
Wands
 m - a wand of flame (10)
 t - a wand of paralysis (8)
Scrolls
 a - a scroll of fear
 d - 2 scrolls of teleportation
 h - a scroll of identify
 l - a scroll of summoning {unknown}
 n - 2 scrolls of enchant weapon
 q - a scroll of poison
Potions
 c - a potion of curing
 e - a potion of might
 f - a potion of brilliance
 g - 3 potions of magic


   Skills:
 + Level 5.3 Fighting
 * Level 8.5 Axes
 + Level 4.6 Armour
 - Level 2.1 Dodging
 + Level 1.1 Shields


You had 6 spell levels left.
You didn't know any spells.
Your spell library was empty.

Dungeon Overview and Level Annotations

Branches:
Dungeon (5/15)
 Temple: D:4-7

Altars:
Makhleb
Qazlal
Vehumet
The Shining One

Annotations:
D:5 Grinder


Innate Abilities, Weirdness & Mutations

You have a pair of horns on your head.
You reflexively headbutt those who attack you in melee.
You possess an exceptional clarity of mind.
You occasionally shout uncontrollably at your foes.
You are weak. (Str -2)


Message History

Grinder shouts!
A jelly comes into view.
The jelly quivers.
Grinder says, "DUCK!"
Grinder says, "Just stop there for a second..."
Grinder gestures at you. Pain shoots through your body!
You see here 17 gold pieces.
Grinder gestures at you. Pain shoots through your body!
Grinder zaps a wand.
The roots erupt in riotous growth!
The grasping roots grab you!
The jelly is unaffected.
Grinder is unaffected.
The grasping roots constrict you. The jelly hits you but does no damage.
You hear a shout!
You hit Grinder.
Grinder is lightly wounded.
You slash the jelly!
Your hands burn!
You hear a shout! x3
Grinder gestures at you. Pain shoots through your body!
The grasping roots constrict you! The jelly hits you but does no damage.
Grinder says, "There's only one good use for a tongue: cutting it out."
Grinder hits you but does no damage. The grasping roots constrict you.
The jelly hits you but does no damage.
You hear a shout! x2
You closely miss Grinder.
Grinder is lightly wounded.
You hit the jelly. The acid corrodes you!
Your hands burn!
Grinder hits you.
You writhe in agony.
The grasping roots constrict you.
* * * LOW HITPOINT WARNING * * *
The jelly hits you.
* * * LOW HITPOINT WARNING * * *
The acid corrodes you!
You are splashed with acid!
* * * LOW HITPOINT WARNING * * *
Okay, then.
As you read the scroll of fear, it crumbles to dust.
You assume a fearsome visage.
Grinder looks frightened!
The jelly looks frightened!
Grinder blinks!
The grasping roots constrict you!
You die...

... #.... ..#
...###..# ##.......#
. #........# ...
##........#
#.#..####.........#
......§@..........#
......
5.....J..$........##
......
..############...^.##
...... ##.....####
..... #.........
....########
#........#
..8.#g.....#.
#.........
#...#≈≈≈≈≈≈..
#..#.....#
#............
#.........


You could see Grinder (fleeing) and a jelly (fleeing).

Vanquished Creatures
  Menkaure (D:5)
  A black bear (D:4)
  An ogre (D:5)
  A crimson imp (D:4)
  A jelly (D:5)
  A gnoll bouda (D:4)
  2 hounds (D:5)
  2 iguanas (D:5)
  3 adders
  10 gnolls
  2 dart slugs
  9 orcs
  14 ball pythons
  6 endoplasms
  4 giant cockroaches
  3 goblins
  8 hobgoblins
  5 jackals
  5 kobolds
  4 quokkas
  4 bats
  3 frilled lizards (D:2)
  5 rats
95 creatures vanquished.

Notes
Turn   | Place    | Note
-------+----------+-------------------------------------------
     0 | D:1      | groovy9 the Minotaur Berserker began the quest for the Orb.
     0 | D:1      | Reached XP level 1. HP: 19/19 MP: 0/0
   194 | D:1      | Reached skill level 4 in Axes
   222 | D:1      | Reached XP level 2. HP: 17/27 MP: 1/1
   542 | D:1      | Reached XP level 3. HP: 33/33 MP: 2/2
   604 | D:1      | Reached ** piety under Trog
   830 | D:1      | Found a faded altar of an unknown god.
  1390 | D:2      | Reached skill level 5 in Axes
  1665 | D:3      | Reached XP level 4. HP: 41/41 MP: 3/3
  1815 | D:3      | Found a stormy altar of Qazlal.
  2462 | D:4      | Reached XP level 5. HP: 14/47 MP: 4/4
  2465 | D:4      | Reached skill level 6 in Axes
  2468 | D:4      | HP: 2/47 [gnoll/+0 spear[a gnoll bouda] (4)]
  2702 | D:4      | Gained mutation: You possess an exceptional clarity of
                  | mind. [potion of mutation]
  2702 | D:4      | Gained mutation: You have hidden genetic defects. [potion
                  | of mutation]
  2801 | D:4      | Found a glowing golden altar of the Shining One.
  2902 | D:4      | Noticed a black bear
  2915 | D:4      | Killed a black bear
  2916 | D:4      | Reached XP level 6. HP: 23/55 MP: 5/5
  2921 | D:4      | Gained mutation: You are weak. (Str -2) [hidden defects]
  3031 | D:4      | Reached skill level 5 in Fighting
  3031 | D:4      | Reached skill level 7 in Axes
  3047 | D:4      | Found a burning altar of Makhleb.
  3048 | D:4      | Found a radiant altar of Vehumet.
  3197 | D:4      | Gained mutation: You occasionally shout uncontrollably at
                  | your foes. [hidden defects]
  3197 | D:4      | Lost mutation: You have hidden genetic defects. [hidden
                  | defects expressed]
  3719 | D:5      | Entered Level 5 of the Dungeon
  3818 | D:5      | Noticed Menkaure
  3826 | D:5      | Killed Menkaure
  3827 | D:5      | Reached skill level 8 in Axes
  3827 | D:5      | Reached skill level 1 in Shields
  3827 | D:5      | Reached XP level 7. HP: 28/61 MP: 6/6
  3828 | D:5      | Reached *** piety under Trog
  4062 | D:5      | Noticed Grinder
  4069 | D:5      | Constricted to death by Grinder

Illustrated notes

Levels and vault maps discovered:
D:1:      erik_arrival_triangle_small, layout_loops_ring,
          dilly_ecumenical_altar_fadedgnrine, minivault_14
D:2:      layout_loops_ring, minmay_tromino_v2
D:3:      layout_basic, mainiacjoe_overflow_concentric_impassable, fountainhead,
          kennysheep_doodads, minmay_close_crescents
D:4:      layout_cave_pools, grunt_temple_overflow_lords_of_destruction,
          tso_metal_star, serial_co_window_serial, co_window_of_opportunity_a,
          co_window_paths_a, co_window_corner_a, co_window_corner_a,
          co_window_paths_a, co_window_corner_b, co_window_broadway_b,
          co_window_2corner, co_window_4corner_b, co_window_paths_d,
          glass_columns_b, glass_columns_b, columned_hall_lemuel
D:5:      layout_cave_pools, nicolae_overflow_hidden_temple, serial_gnoll_camp,
          gnoll_camp_medium_01, gnoll_camp_mini_house, gnoll_camp_mini_house,
          gnoll_camp_mini_sergeant, grums_kennel, roderic_st_hans_cross,
          uniq_menkaure, uniq_grinder, uniq_pikel

Skill      XL: |  1  2  3  4  5  6 |
---------------+-------------------+-----
Axes           | 4 5 6 8 |  8.5
Fighting       | 4 5 |  5.3
Armour         | 3 4 |  4.6
Shields        | 1 |  1.1
Dodging        | |  2.1

Action                     |  1- 3 |  4- 6 |  7- 9 || total
---------------------------+-------+-------+-------++-------
  Melee: Hand axe          |    49 |       |       ||    49
         Headbutt          |    16 |    13 |     2 ||    31
         War axe           |    30 |   114 |    11 ||   155
    Use: Scroll            |       |     6 |     1 ||     7
         Potion            |       |     7 |       ||     7
   Stab: Sleeping          |     1 |       |       ||     1
 Armour: Animal skin       |    17 |       |       ||    17
         Leather armour    |     5 |       |       ||     5
         Chain mail        |       |    76 |     9 ||    85
  Dodge: Dodged            |    66 |    80 |     4 ||   150
  Block: Buckler           |     4 |    17 |     2 ||    23
